 Dungeon Crawl Stone Soup version 0.31-b1-22-gc680215f68 (webtiles) character file.

Game seed: 5052994649303816203

716 howech the Digger (level 7, -1/36 HPs)
             Began as a Gargoyle Earth Elementalist on Jan 17, 2024.
             Slain by Duvessa
             ... wielding a +0 short sword
              (4 damage)
             ... on level 4 of the Dungeon on Jan 18, 2024.
             The game lasted 00:18:27 (3298 turns).

howech the Digger (Gargoyle Earth Elementalist)     Turns: 3298, Time: 00:18:27

Health: -1/36      AC:  6    Str: 12    XL:     7   Next: 69%
Magic:  7/11       EV: 12    Int: 17    God:
Gold:   221        SH:  0    Dex: 10    Spells: 8/12 levels left

rFire   . . .        m - +9 mace of Capital Punishment {freeze, rPois}
rCold   . . .        (no shield)
rNeg    + . .        a - +0 robe
rPois   ∞            (no helmet)
rElec   +            (no cloak)
rCorr   .            (no gloves)
SInv    .            (no boots)
Will    .....        (no amulet)
Stlth   ++           (no ring)
HPRegen 0.26/turn    (no ring)
MPRegen 0.12/turn

%: no passive effects
@: no status effects
A: sickness immunity, AC +4, negative energy resistance 1, electricity
resistance, torment resistance 1, petrification resistance
a: no special abilities


You were on level 4 of the Dungeon.
You visited 1 branch of the dungeon, and saw 5 of its levels.

You collected 221 gold pieces.

Inventory:

Hand Weapons
 e - a +4 mace
 m - the +9 mace of Capital Punishment (weapon) {freeze, rPois}
   (You took it off a hobgoblin on level 2 of the Dungeon)

   rPois:     It protects you from poison
Missiles
 f - 2 poisoned darts
 g - 39 stones
 s - a throwing net
Armour
 a - a +0 robe (worn)
 o - a +0 helmet
 u - a +0 pair of boots
Jewellery
 t - a ring of resist corrosion
Talismans
 l - a serpent talisman
Wands
 k - a wand of charming (16)
Scrolls
 c - 3 scrolls of teleportation {unknown}
 h - 4 scrolls of identify {unknown}
 i - 2 scrolls of immolation {unknown}
 n - 2 scrolls of revelation {unknown}
Potions
 b - a potion of magic
 d - a potion of lignification {unknown}
 j - a potion of heal wounds
 p - 2 potions of might {unknown}
 q - a potion of haste {unknown}
 r - a potion of mutation {unknown}


   Skills:
 + Level 3.0 Dodging
 + Level 4.2 Stealth
 + Level 3.3 Spellcasting
 * Level 4.8 Conjurations
 * Level 6.2 Earth Magic


You had 8 spell levels left.
You knew the following spells:

 Your Spells              Type           Power      Damage    Failure   Level
a - Sandblast             Erth           48%        2d12      1%          1
b - Stone Arrow           Conj/Erth      42%        3d9       5%          3

Your spell library contained the following spells:

 Spells                   Type           Power      Damage    Failure   Level
 Passwall                 Erth           24%        N/A       3%          3
 Brom's Barrelling Bould  Conj/Erth      21%        2d4       17%         4
 Petrify                  Alch/Erth      13%        N/A       43%         4


Dungeon Overview and Level Annotations

Branches:
Dungeon (5/15)
 Temple: D:4-7

Altars:

Shops:
D:1 (   D:4 (!:*

Annotations:
D:4 Duvessa


Innate Abilities, Weirdness & Mutations

You are immune to sickness and miasma.
Your stone body is resilient. (AC +4)
You are immune to poison.
You resist negative energy. (rN+)
You are resistant to electric shocks. (rElec)
You are resistant to unholy torment.
You are immune to petrification.


Message History

The blast of sand hits Dowan!
Dowan is moderately wounded.
Casting: Sandblast (safe; 1% risk of failure)
Confirm with . or Enter, or press ? or * to list all spells.
You don't know that spell.
Casting: Sandblast (safe; 1% risk of failure)
Confirm with . or Enter, or press ? or * to list all spells.
Aiming: Sandblast (safe; 1% risk of failure)
Press: ? - help, Shift-Dir - straight line, f/p - Dowan
Aim: Dowan, wielding a +0 dagger and wearing a +0 robe (moderately wounded, very poisoned, 76% to hit)
The blast of sand hits Dowan!
You kill Dowan!
Duvessa weeps, and shakes her weapon.
Duvessa goes berserk!
Duvessa rages.
Casting: Sandblast (safe; 1% risk of failure)
Confirm with . or Enter, or press ? or * to list all spells.
Aiming: Sandblast (safe; 1% risk of failure)
Press: ? - help, Shift-Dir - straight line, f - Duvessa
Aim: Duvessa, wielding a +0 short sword and wearing a +0 chain mail (berserk, 90% to hit)
The blast of sand hits Duvessa but does no damage.
Duvessa hits you with a +0 short sword!!
Ouch! That really hurt!
Casting: Sandblast (safe; 1% risk of failure)
Confirm with . or Enter, or press ? or * to list all spells.
Aiming: Sandblast (safe; 1% risk of failure)
Press: ? - help, Shift-Dir - straight line, f/p - Duvessa
Aim: Duvessa, wielding a +0 short sword and wearing a +0 chain mail (berserk, 90% to hit)
The blast of sand misses Duvessa.
Duvessa hits you with a +0 short sword!
* * * LOW HITPOINT WARNING * * *
Duvessa hits you with a +0 short sword!
* * * LOW HITPOINT WARNING * * *
Unknown command.
Casting: Sandblast (safe; 1% risk of failure)
Confirm with . or Enter, or press ? or * to list all spells.
Aiming: Sandblast (safe; 1% risk of failure)
Press: ? - help, Shift-Dir - straight line, f/p - Duvessa
Aim: Duvessa, wielding a +0 short sword and wearing a +0 chain mail (berserk, 90% to hit)
The blast of sand misses Duvessa.
Duvessa hits you with a +0 short sword.
You die...

∩'.#######.##
#.∩#
''########.#
.# #..##
.........#.#
.# #....
.#######.#.#
(# .........#
## #.#.# ..
.....#)#.# #
#.#.# .#
.###.#)#.# #
##.#.##### )#
. ..#.# #
##........##e#
..#..... #
#..........@.#
## ...#.# #
##...####.##.#
#.#.#.# ##.##
#.# .# # ###
#.# .# #. #.#
.. #.# #.# ##
#.. #.# ###
#.# # #.# #


You could see Duvessa (berserk).

Vanquished Creatures
  Grinder (D:4)
  A black bear (D:3)
  Dowan (D:4)
  4 orc priests
  Natasha (twice) (D:2)
  An iguana (D:4)
  An orc wizard (D:4)
  2 gnolls (D:2)
  5 adders
  2 ribbon worms (D:2)
  3 dart slugs
  11 orcs
  3 endoplasms
  3 giant cockroaches
  2 goblins
  5 hobgoblins
  3 quokkas
  6 ball pythons
  5 bats
  3 frilled lizards
  4 kobolds
  6 rats
74 creatures vanquished.

Vanquished Creatures (collateral kills)
  A gnoll (D:2)
1 creature vanquished.

Vanquished Creatures (others)
  A gnoll (D:2)
1 creature vanquished.

Grand Total: 76 creatures vanquished

Notes
Turn   | Place    | Note
-------+----------+-------------------------------------------
     0 | D:1      | howech the Gargoyle Earth Elementalist began the quest for
                  | the Orb.
     0 | D:1      | Reached XP level 1. HP: 10/10 MP: 3/3
   121 | D:1      | Found Fecwokyh's Antique Weapon Emporium.
   228 | D:1      | Reached XP level 2. HP: 15/15 MP: 3/5
   647 | D:1      | Reached skill level 4 in Earth Magic
   770 | D:2      | Reached XP level 3. HP: 19/19 MP: 3/6
   823 | D:2      | Noticed Natasha
  1044 | D:3      | Noticed a black bear
  1151 | D:3      | Reached XP level 4. HP: 24/24 MP: 4/7
  1436 | D:2      | Identified the +9 mace of Capital Punishment {freeze,
                  | rPois}
  1468 | D:2      | Upgraded the game from 0.31-b1-20-g67cafac56d to
                  | 0.31-b1-22-gc680215f68
  1596 | D:2      | Reached XP level 5. HP: 28/28 MP: 8/8
  1986 | D:2      | Learned a level 3 spell: Stone Arrow
  2045 | D:2      | Killed Natasha
  2086 | D:2      | Noticed Natasha
  2091 | D:2      | Killed Natasha
  2285 | D:3      | Killed a black bear
  2286 | D:3      | Reached skill level 5 in Earth Magic
  2286 | D:3      | Reached XP level 6. HP: 23/32 MP: 4/10
  2620 | D:4      | Noticed Dowan
  2674 | D:4      | Found Gedomp's Antique Weapon Shop.
  2687 | D:4      | Noticed Grinder
  2702 | D:4      | Paralysed by Grinder for 5 turns
  2704 | D:4      | HP: 1/32 [Grinder (1)]
  2720 | D:4      | Killed Grinder
  2721 | D:4      | Reached XP level 7. HP: 29/36 MP: 9/11
  2883 | D:4      | Found Mosur's Book Shop.
  2896 | D:4      | Found Genit's General Store.
  2947 | D:4      | Found Syanawif's Distillery.
  3048 | D:5      | Entered Level 5 of the Dungeon
  3127 | D:5      | Reached skill level 6 in Earth Magic
  3292 | D:4      | Noticed Duvessa
  3295 | D:4      | Killed Dowan
  3298 | D:4      | Slain by Duvessa

Illustrated notes

Levels and vault maps discovered:
D:1:      mrwooster_arrival_statue, layout_loops_ring, serial_shops, shop
D:2:      layout_basic, minmay_pentomino_x2, uniq_natasha
D:3:      layout_basic, minmay_misc_feat_encased
D:4:      layout_loops_ring, serial_shops, nicolae_shop_tiny_real_fake_doors,
          nicolae_shop_tiny_waterfront, shop, nicolae_shop_tiny_statue_garden,
          item_on_display_a, uniq_grinder, uniq_duvessa
D:5:      layout_basic, regret_index_kikubaaqudgha_part_by_part,
          elyvilon_altar_1

Skill      XL: |  1  2  3  4  5  6  7 |
---------------+----------------------+-----
Earth Magic    | 4 5 6 |  6.2
Conjurations   | 2 3 4 |  4.8
Dodging        | 2 3 |  3.0
Stealth        | 3 4 |  4.2
Spellcasting   | 3 |  3.3

Action                     |  1- 3 |  4- 6 |  7- 9 || total
---------------------------+-------+-------+-------++-------
  Melee: Mace              |     6 |    59 |    22 ||    87
  Throw: Dart              |       |       |     2 ||     2
   Cast: Sandblast         |    36 |    35 |    22 ||    93
  Evoke: Wand              |       |     5 |       ||     5
    Use: Potion            |       |     1 |     1 ||     2
   Stab: Sleeping          |       |     5 |       ||     5
 Armour: Robe              |    16 |    53 |    31 ||   100
  Dodge: Dodged            |    29 |    38 |    30 ||    97
